 Dungeon Crawl Stone Soup version 0.21-a0-128-gf2b353c (webtiles) character file.

3039 TheKillingJoke the Transmogrifier (level 9, -4/57 HPs)
             Began as an Octopode Transmuter on July 16, 2017.
             Was an Initiate of Gozag.
             Killed from afar by an orc sorcerer (9 damage)
             ... with a bolt of fire
             ... while paralysed by an orc sorcerer
             ... on level 8 of the Dungeon.
             The game lasted 00:25:26 (8985 turns).

TheKillingJoke the Transmogrifier (OpTm)            Turns: 8985, Time: 00:25:30

Health: -4/57      AC:  5    Str:  9    XL:     9   Next: 86%
Magic:  14/16      EV:  2    Int: 16    God:    Gozag
Gold:   420        SH:  0    Dex: 15    Spells: 6/17 levels left

rFire    + . .     SeeInvis .     - Unarmed
rCold    . . .     Gourm    .   (no shield)
rNeg     . . .     Faith    .   (helmet restricted)
rPois    .         Spirit   .   s - amulet of regeneration
rElec    .         Reflect  .   y - ring of protection from fire
rCorr    .         Harm     .   e - +4 ring of protection
MR       .....                  (no ring)
Stlth    ++........             (no ring)
HPRegen  0.59/turn              (no ring)
MPRegen  0.15/turn              (no ring)
                                (no ring)
                                (no ring)

@: paralysed, very slightly contaminated, drained
A: almost no armour, stealthy swim, amphibious, 8 rings, constrict 8, camouflage
1, gelatinous body 1
a: Potion Petition, Call Merchant, Bribe Branch, Renounce Religion


You were on level 8 of the Dungeon.
You worshipped Gozag.
Gozag was aware of your devotion.
You were not hungry.

You visited 2 branches of the dungeon, and saw 9 of its levels.

You collected 564 gold pieces.
You paid 144 gold pieces to Gozag.

Inventory:

Hand Weapons
 d - a +0 dagger
 k - the cursed +1 dagger "Transmigrator" {flame, +Inv Str+5 Dex-3 SInv, unknown}
   (You found it on level 4 of the Dungeon)

   It has been specially enchanted to burn those struck by it, causing extra
   injury to most foes and up to half again as much damage against particularly
   susceptible opponents.
   It affects your strength (+5).
   It affects your dexterity (-3).
   It lets you see invisible.
   It lets you turn invisible.
   It has a curse placed upon it.
 l - a cursed -3 blowgun
Missiles
 a - 145 arrows
 i - 387 stones (quivered)
 m - 26 poisoned needles
Armour
 C - a +0 shield
Jewellery
 e - a +4 ring of protection (right tentacle)
 s - an amulet of regeneration (around mantle)
 x - an uncursed ring of fire
 y - a ring of protection from fire (left tentacle)
Wands
 u - a wand of polymorph (24/24)
 w - a wand of random effects (28/48)
 A - a wand of iceblast (10/15)
Scrolls
 f - a scroll of random uselessness {unknown}
 n - a scroll of noise {unknown}
 o - a scroll of fog
 z - a scroll of remove curse
Potions
 g - 2 potions of invisibility
 h - 2 potions of lignification {unknown}
 j - a potion of agility {unknown}
 q - a potion of brilliance {unknown}
 t - a potion of heal wounds
 v - a potion of mutation {unknown}
 B - 4 potions of curing {unknown}
 D - a potion of berserk rage {unknown}
Books
 b - a book of Changes

   Spells                             Type                      Level
   a - Beastly Appendage              Transmutation                1
   b - Sticks to Snakes               Transmutation                2
   c - Spider Form                    Transmutation/Poison         3
   d - Ice Form                       Ice/Transmutation            4
   e - Blade Hands                    Transmutation                5
Comestibles
 c - 2 bread rations
 p - 2 meat rations
 r - a royal jelly


   Skills:
 - Level 3.2(2.8) Fighting
 + Level 6.2(5.9) Dodging
 + Level 7.3(6.9) Unarmed Combat
 + Level 4.9(4.5) Spellcasting
 + Level 8.1(7.7) Transmutations
 - Level 1.6(1.2) Poison Magic


You had 6 spell levels left.
You knew the following spells:

 Your Spells              Type           Power        Failure   Level  Hunger
a - Beastly Appendage     Tmut           ####..       1%          1    None
b - Sticks to Snakes      Tmut           ####....     1%          2    ##.....
c - Spider Form           Tmut/Pois      ###.......   8%          3    ###....
d - Blade Hands           Tmut           ####......   19%         5    ######.


Dungeon Overview and Level Annotations

Branches:
Dungeon (8/15)             Temple (1/1) D:6
   Lair: D:8-11

Altars:
Ashenzari
Cheibriados
Dithmenos
Elyvilon
Fedhas
Gozag
Hepliaklqana
Kikubaaqudgha
Makhleb
Nemelex Xobeh
Okawaru
Qazlal
Ru
Sif Muna
Trog
Uskayaw
Vehumet
Wu Jian
Xom
Yredelemnul
Zin
The Shining One

Shops:
D:7 [

Annotations:
D:4 exclusion: oklob plant


Innate Abilities, Weirdness & Mutations

You cannot wear most types of armour.
You are very stealthy in the water. (Stealth+)
You are amphibious.
You can wear up to eight rings at the same time.
You can use your tentacles to constrict eight enemies at once.
Your skin changes colour to match your surroundings (Stealth+).
Your rubbery body absorbs attacks. (AC +1, EV +1)


Message History

You constrict the orc sorcerer, but do no damage.
The orc sorcerer gestures at you while chanting.
You suddenly lose the ability to move!
You lose your grip on the orc sorcerer.
The orc sorcerer shouts, "You are history!"
The orc sorcerer hits you with a dagger.
The chaos spawn barely misses you. The orc sorcerer casts a spell at you.
The bolt of fire hits you! You resist. The chaos spawn gores you!
You feel drained.
The orc sorcerer hits you with a dagger.
The chaos spawn hits you but does no damage.
The orc sorcerer hits you but does no damage.
The chaos spawn hits you!
* * * LOW HITPOINT WARNING * * *
The chaos spawn shocks you.
* * * LOW HITPOINT WARNING * * *
The orc sorcerer points at you and mumbles some strange words.
The bolt of fire hits you! You resist.
You die...
Your body crumbles into a pile of gold.

#......#####..#....
..###.## ##.###### .##
#.# #.# ## #.# #..
####### #.# .........
#.# #.##....
..###..###.....##
####......##....o...##
......###.......@4...#
#....c....##.........#
#.#..o...###.........#
..#.##.#.###.........#
.##.. ...............#
.##.####.####.......##
)##.##.....##........#
[.).#.......#........#
##..#.......#........#


You could see a chaos spawn and an orc sorcerer.

Vanquished Creatures
  An orc sorcerer (D:8)
  Prince Ribbit (D:7)
  Sigmund (D:3)
  A yak (D:7)
  3 orc warriors
  A black bear (D:6)
  3 ogres
  2 centaurs
  2 bullfrogs
  A scorpion (D:6)
  2 howler monkeys
  4 hounds
  A quasit (D:6)
  A gnoll shaman (D:4)
  A jelly (D:5)
  A bullfrog skeleton (D:4)
  3 orc priests
  3 orc wizards
  4 iguanas
  Crazy Yiuf (D:4)
  4 worker ants
  A hound skeleton (D:7)
  A worker ant zombie (D:7)
  Robin (D:3)
  A howler monkey skeleton (D:6)
  8 gnolls
  9 adders
  4 worms
  4 dart slugs
  8 leopard geckos
  13 orcs
  4 giant cockroaches
  12 hobgoblins
  9 jackals
  10 kobolds
  4 quokkas
  A ball python (D:3)
  15 bats
  10 frilled lizards
  15 goblins
  A leopard gecko skeleton (D:6)
  14 rats
186 creatures vanquished.

Vanquished Creatures (collateral kills)
  Menkaure (D:4)
  An ogre (D:5)
  An orc wizard (D:6)
  4 orcs (D:6)
  3 jackals (D:5)
  A jackal skeleton (D:5)
11 creatures vanquished.

Vanquished Creatures (others)
  13 toadstools (D:4)
13 creatures vanquished.

Grand Total: 210 creatures vanquished

Notes
Turn   | Place    | Note
-------+----------+-------------------------------------------
     0 | D:1      | TheKillingJoke the Octopode Transmuter began the quest for the Orb.
     0 | D:1      | Reached XP level 1. HP: 13/13 MP: 3/3
   139 | D:1      | Reached XP level 2. HP: 18/18 MP: 3/5
   146 | D:1      | Learned a level 2 spell: Sticks to Snakes
   570 | D:1      | Reached XP level 3. HP: 19/23 MP: 4/6
   575 | D:1      | Learned a level 3 spell: Spider Form
  1209 | D:2      | Reached skill level 3 in Transmutations
  1291 | D:2      | Reached XP level 4. HP: 25/28 MP: 2/7
  1748 | D:2      | Found a hazy altar of Hepliaklqana.
  2426 | D:3      | Noticed Sigmund
  2446 | D:3      | Killed Sigmund
  2446 | D:3      | Reached skill level 1 in Poison Magic
  2446 | D:3      | Reached XP level 5. HP: 31/33 MP: 0/8
  2571 | D:3      | Noticed Robin
  2604 | D:3      | Reached skill level 4 in Transmutations
  3064 | D:3      | Reached XP level 6. HP: 37/38 MP: 3/9
  3489 | D:3      | Killed Robin
  3761 | D:4      | Found a blossoming altar of Fedhas.
  3773 | D:4      | Noticed an oklob plant
  4239 | D:4      | Got an ivory dagger
  4265 | D:4      | Found a runed door.
  4269 | D:4      | Noticed Crazy Yiuf
  4286 | D:4      | Killed Crazy Yiuf
  4286 | D:4      | Reached skill level 5 in Transmutations
  4286 | D:4      | Reached XP level 7. HP: 45/45 MP: 1/10
  4646 | D:4      | Noticed Menkaure
  4890 | D:4      | Killed Menkaure
  5158 | D:4      | Reached skill level 5 in Unarmed Combat
  5214 | D:5      | Entered Level 5 of the Dungeon
  5214 | D:5      | Found a shimmering altar of Xom.
  5514 | D:5      | Reached skill level 6 in Transmutations
  5637 | D:5      | Found a radiant altar of Vehumet.
  5744 | D:5      | Reached XP level 8. HP: 52/52 MP: 3/11
  6491 | D:6      | Found a staircase to the Ecumenical Temple.
  7089 | D:6      | Reached skill level 7 in Transmutations
  7618 | D:7      | Learned a level 5 spell: Blade Hands
  7675 | D:7      | Reached skill level 5 in Dodging
  7675 | D:7      | Reached XP level 9. HP: 57/57 MP: 10/14
  7787 | D:7      | Noticed Prince Ribbit
  7799 | D:7      | Killed Prince Ribbit
  8260 | Temple   | Entered the Ecumenical Temple
  8414 | Temple   | Became a worshipper of Gozag Ym Sagoz the Greedy
  8595 | D:7      | Found a shimmering altar of Xom.
  8677 | D:7      | Found Qaddec's Antique Armour Boutique.
  8791 | D:8      | Found a radiant altar of Vehumet.
  8866 | D:8      | Found an ornate altar of the Wu Jian Council.
  8866 | D:8      | Noticed an orc sorcerer
  8868 | D:8      | Noticed an orc sorcerer
  8869 | D:8      | Noticed an orc sorcerer
  8869 | D:8      | Noticed a wizard
  8874 | D:8      | Noticed an ice devil
  8882 | D:8      | Noticed an ice devil
  8883 | D:8      | Killed an orc sorcerer
  8883 | D:8      | Reached skill level 8 in Transmutations
  8941 | D:8      | Found an iron altar of Okawaru.
  8980 | D:8      | Paralysed by an orc sorcerer for 6 turns
  8985 | D:8      | Killed from afar by an orc sorcerer

Vault maps used:
D:1:      lemuel_arrival_behind_the_door_large
D:2:      overflow_temple_1_default
D:3:      first_bread, uniq_sigmund, uniq_robin
D:4:      tgw_fedhas, uniq_menkaure, uniq_crazy_yiuf_cottage
D:5:      xom_teletrap_fun, basic_altar
D:6:      minmay_temple_entry_hall
D:7:      serial_shops, shop, basic_altar, uniq_prince_ribbit1
D:8:      cheibrodos_wizards_tower, fiery_altar_vehumet, old_standard_altar,
          basic_altar
Temple:   regret_index_temple_mists

Skill      XL: |  1  2  3  4  5  6  7  8  9 |
---------------+----------------------------+-----
Transmutations | 3 4 5 6 7 8 |  8.1
Dodging        | 3 5 6 |  6.2
Unarmed Combat | 4 5 6 7 |  7.3
Poison Magic   | 1 |  1.6
Fighting       | 2 3 |  3.2
Spellcasting   | 3 4 |  4.9

Action                   |  1- 3 |  4- 6 |  7- 9 || total
-------------------------+-------+-------+-------++-------
Melee: Unarmed           |    82 |   174 |   299 ||   555
       Kick              |    17 |     8 |       ||    25
       Constrict         |    25 |    19 |    15 ||    59
       Tentacles         |    11 |    11 |    14 ||    36
       Punch             |       |     1 |     3 ||     4
 Cast: Beastly Appendage |    25 |     7 |       ||    32
       Spider Form       |     2 |    20 |    39 ||    61
       Sticks to Snakes  |     1 |     8 |    12 ||    21
  Use: Scroll            |     3 |     3 |     3 ||     9
       Potion            |       |       |     3 ||     3
 Stab: Sleeping          |     6 |     3 |     3 ||    12
       Invisible         |       |       |     2 ||     2
  Eat: Chunk             |     2 |    10 |    17 ||    29
       Bread ration      |       |     1 |     1 ||     2
Armor: Skin              |    10 |    29 |    22 ||    61
Dodge: Dodged            |    36 |   132 |   250 ||   418
